AoeStats
← 太阳雨

Arena

508911631Analyzed
4v4 RM · 8d ago on Sep 24, 2026· 41m 48s· 8 players
Game mode
Random Map
Map size
Large (8 player)
Population
200
Speed
Normal
Resources
Standard
Victory
Conquest
Starting age
Dark Age
Ending age
Imperial Age
RankedLock teamsTeams togetherTeam positionsShared explorationLock speedFull tech treeHidden civsTurbo modeCheats
Victory
Defeat
🇨🇳 Britons · China
1125
+12
🇨🇳 Khitans · China
1121
+13
🇨🇳 Spanish · China
1112
+13
🇨🇳 Poles · China
950
+19
🇭🇰 Varangians · Hong Kong SAR China
1090
-16
🇳🇱 Magyars · Netherlands
1058
-15
🇺🇸 Slavs · United States
1019
-13
🇨🇦 Britons · Canada
1000
-40
bjharris17
13:00 Feudal Age
16:49 Castle Age
15:06 Horse Collar
15:51 Double-Bit Axe
16:56 Loom
18:19 Heavy Plow
19:22 Pikeman
21:21 Scale Mail Armor
27:54 Wheelbarrow
28:08 Bloodlines
31:04 Imperial Age
30:37 Forging
30:33 Scale Barding Armor
32:15 Chain Mail Armor
32:02 Onager
36:08 Conscription
38:55 Fletching
39:06 Padded Archer Armor
40:43 Bodkin Arrow
41:04 Leather Archer Armor
julian
11:26 Feudal Age
10:32 Loom
12:26 Double-Bit Axe
16:59 Castle Age
15:30 Horse Collar
16:01 Stone Mining
19:11 Bow Saw
25:17 Heavy Plow
28:23 Scale Barding Armor
29:06 Bloodlines
29:02 Husbandry
30:11 Wheelbarrow
29:55 Gold Mining
34:54 Imperial Age
32:40 Hand Cart
33:18 Chain Barding Armor
35:12 Gold Shaft Mining
36:04 Conscription
35:15 Cavalier
36:36 Plate Barding Armor
36:46 Paladin
hugofradette231
14:51 Feudal Age
16:25 Horse Collar
17:25 Double-Bit Axe
18:51 Man-at-Arms
20:12 Wheelbarrow
24:59 Gold Mining
30:48 Castle Age
JohTo
0:27 Loom
10:37 Feudal Age
12:42 Loom
14:59 Castle Age
13:05 Double-Bit Axe
17:34 Fervor
20:29 Horse Collar
21:52 Loom
21:52 Town Watch
23:22 Heavy Plow
24:08 Devotion
25:17 Atonement
26:15 Wheelbarrow
26:49 Scale Barding Armor
27:27 Bow Saw
27:06 Loom
28:30 Chain Barding Armor
30:08 Bloodlines
29:58 Husbandry
30:40 Forging
31:50 Hand Cart
32:38 Bloodlines
32:36 Vendel Legacy
34:12 Town Patrol
35:36 Iron Casting
35:00 Gold Mining
35:00 Stone Mining
38:51 Imperial Age
37:14 Stone Shaft Mining
36:56 Light Cavalry
38:00 Fortified Wall
37:45 Murder Holes
38:11 Ballistics
37:42 Guard Tower
37:32 Treadmill Crane
38:03 Masonry
38:18 Fletching
39:06 Bodkin Arrow
38:59 Gambesons
39:14 Squires
39:00 Arson
40:07 Conscription
40:52 Two-Man Saw
40:58 Plate Barding Armor
41:23 Blast Furnace
40:35 Elite Jarl
41:14 Capped Ram
1802390869
10:26 Feudal Age
16:20 Castle Age
14:32 Double-Bit Axe
14:51 Horse Collar
15:29 Stone Mining
18:01 Gold Mining
18:50 Stone Shaft Mining
18:38 Heavy Plow
18:53 Bow Saw
27:10 Wheelbarrow
28:37 Ballistics
33:04 Imperial Age
30:37 Loom
31:01 Heavy Plow
32:09 Padded Archer Armor
33:00 Hand Cart
34:32 Conscription
33:59 Elite Conquistador
35:55 Leather Archer Armor
36:45 Chemistry
37:33 Masonry
40:48 Architecture
40:51 Ring Archer Armor
从良
10:31 Feudal Age
15:02 Castle Age
13:43 Double-Bit Axe
13:42 Horse Collar
13:49 Double-Bit Axe
16:28 Bow Saw
17:51 Heavy Plow
21:20 Wheelbarrow
21:31 Stone Mining
23:02 Hand Cart
23:03 Gold Mining
25:12 Loom
29:20 Imperial Age
27:39 Gold Shaft Mining
27:04 Town Watch
28:33 Fletching
28:43 Padded Archer Armor
28:33 Fletching
28:43 Padded Archer Armor
28:33 Fletching
28:43 Padded Archer Armor
28:22 Pikeman
29:14 Bodkin Arrow
30:30 Conscription
30:32 Yeomen
29:33 Elite Longbowman
31:49 Two-Man Saw
31:06 Bracer
31:21 Leather Archer Armor
32:25 Scale Mail Armor
33:13 Ring Archer Armor
32:55 Forging
32:45 Scale Mail Armor
34:16 Chemistry
32:57 Treadmill Crane
33:38 Ballistics
33:29 Masonry
37:24 Iron Casting
37:04 Chain Mail Armor
37:24 Iron Casting
37:08 Halberdier
40:14 Blast Furnace
39:44 Plate Mail Armor
40:14 Blast Furnace
39:44 Plate Mail Armor
40:20 Town Patrol
40:39 Squires
40:24 Arson
太阳雨
11:59 Feudal Age
13:16 Wheelbarrow
12:22 Horse Collar
12:28 Double-Bit Axe
14:44 Stone Mining
20:27 Castle Age
21:41 Scale Barding Armor
21:47 Forging
22:35 Bow Saw
22:44 Loom
23:04 Gold Mining
23:49 Stone Shaft Mining
25:05 Szlachta Privileges
25:54 Hand Cart
26:50 Chain Barding Armor
26:55 Heavy Plow
28:25 Iron Casting
29:00 Bloodlines
29:55 Husbandry
33:25 Imperial Age
33:32 Imperial Age
33:56 Cavalier
37:00 Crop Rotation
40:11 Capped Ram
仌
9:53 Feudal Age
17:51 Castle Age
17:27 Domestication
18:42 Gold Mining
18:56 Double-Bit Axe
23:28 Imperial Age
25:09 Chemistry
25:34 Forging
26:20 Man-at-Arms
27:12 Gambesons
28:23 Long Swordsman
29:05 Squires
28:51 Arson
30:49 Iron Casting
30:19 Scale Barding Armor
30:49 Iron Casting
30:19 Scale Barding Armor
30:49 Iron Casting
30:19 Scale Barding Armor
30:37 Two-Handed Swordsman
33:20 Wheelbarrow
32:31 Loom
32:48 Pastoralism
33:02 Bow Saw
33:24 Scale Mail Armor
34:40 Hand Cart
35:24 Chain Mail Armor
35:12 Champion
36:59 Plate Mail Armor
36:41 Scale Barding Armor
38:52 Transhumance
40:36 Two-Man Saw
40:43 Stone Mining
40:19 Heavy Camel Rider
41:00 Husbandry
Connection lost

Rejoining the realm…

Still unreachable

The connection could not be restored.

Session expired

The server has moved on; the page needs a fresh start.